 Dungeon Crawl Stone Soup version 0.26-a0-708-g17f3b190f9 (webtiles) character file.

Game seed: 4484864261336291229

30 vt the Sneak (level 3, 0/29 HPs)
             Began as a Human Delver on Oct 27, 2020.
             Succumbed to a worker ant's poison
             ... on level 3 of the Dungeon.
             The game lasted 00:01:34 (148 turns).

vt the Sneak (Human Delver)                          Turns: 148, Time: 00:01:35

Health: 0/29       AC:  4    Str: 13    XL:     3   Next: 37%
Magic:  3/3        EV: 12    Int: 10    God:
Gold:   30         SH:  0    Dex: 14    Spells: 2/2 levels left

rFire    . . .     SeeInvis .   a - +0 hand axe
rCold    . . .     Faith    .   (no shield)
rNeg     . . .     Spirit   .   b - +0 leather armour
rPois    .         Reflect  .   (no helmet)
rElec    .         Harm     .   (no cloak)
rCorr    .         Rampage  .   (no gloves)
MR       .....                  h - +0 pair of boots (curse)
Stlth    +++.......             (no amulet)
HPRegen  0.09/turn              (no ring)
MPRegen  0.08/turn              (no ring)

@: lethally poisoned (0 -> -2), flying (expiring)
A: no striking features
a: no special abilities


You were on level 3 of the Dungeon.
You visited 1 branch of the dungeon, and saw 3 of its levels.

You collected 30 gold pieces.

Inventory:

Hand Weapons
 a - a +0 hand axe (weapon)
Armour
 b - a +0 leather armour (worn)
 h - a cursed +0 pair of boots (worn)
   (You found it on level 5 of the Dungeon)
Wands
 g - a wand of digging (2)
Scrolls
 c - a scroll of fog
 e - a scroll of fear
Potions
 f - a potion of haste {@q3}


   Skills:
 + Level 3.3 Fighting
 + Level 2.4 Axes
 + Level 2.4 Dodging
 + Level 5.2 Stealth


You had 2 spell levels left.
You didn't know any spells.
Your spell library contained the following spells:

 Spells                   Type           Power        Failure   Level
 Magic Dart               Conj           #...         43%         1
 Searing Ray              Conj           #.....       58%         2
 Dazzling Flash           Conj/Hex       #.....       82%         3
 Fulminant Prism          Conj/Hex       #.........   99%         4
 Iskenderun's Mystic Bla  Conj/Tloc      #.......     99%         4


Dungeon Overview and Level Annotations

Branches:
Dungeon (5/15)
 Temple: D:4-7

Altars:
Fedhas


Message History

The worker ant is moderately wounded.
You feel sick.
The worker ant bites you but does no damage.
You hit the worker ant but do no damage.
The worker ant is moderately wounded.
The worker ant misses you.
You hit the worker ant.
The worker ant is severely wounded.
You hit the orc.
The worker ant bites you but does no damage.
The orc closely misses you.
You closely miss the worker ant.
The worker ant is severely wounded.
You hit the orc.
You feel sick.
The worker ant bites you but does no damage.
You closely miss the orc.
The orc is severely wounded.
You hit the worker ant. The orc hits you but does no damage.
The worker ant misses you.
You hit the orc but do no damage.
The orc is severely wounded.
You barely miss the worker ant. The orc closely misses you.
The worker ant closely misses you.
You barely miss the worker ant.
The worker ant is severely wounded.
You hit the orc but do no damage. The orc barely misses you.
You hit the worker ant.
The worker ant is almost dead.
You hit the orc but do no damage.
You feel sick. The worker ant barely misses you.
You closely miss the worker ant.
The worker ant is almost dead.
You hit the orc.
You kill the orc!
You have reached level 2!
The worker ant bites you.
* * * LOW HITPOINT WARNING * * *
Your leather armour prevents you from hitting the worker ant.
The worker ant is almost dead.
The worker ant bites you.
* * * LOW HITPOINT WARNING * * *
You are lethally poisoned!
The worker ant poisons you!
It was a potion of flight.
You feel very buoyant.
You fly up into the air.
* * * LOW HITPOINT WARNING * * *
You feel sick. The worker ant bites you.
* * * LOW HITPOINT WARNING * * *
You hit the worker ant.
You kill the worker ant!
You have reached level 3!
Your experience leads to an increase in your attributes!
Increase (S)trength, (I)ntelligence, or (D)exterity?
Uppercase letters only, please.
You feel stronger.
* * * LOW HITPOINT WARNING * * *
You feel sick.
You are lethally poisoned (7 -> -2).
You are flying.
Your actions are hasted.
Your flying speed is very quick.
Your attack speed is above average.
* * * LOW HITPOINT WARNING * * *
You feel sick.
* * * LOW HITPOINT WARNING * * *
You feel sick.
* * * LOW HITPOINT WARNING * * *
You feel sick.
You fly upwards.
* * * LOW HITPOINT WARNING * * *
You feel sick.
* * * LOW HITPOINT WARNING * * *
You feel sick.
Your extra speed is starting to run out.
You see here a scroll labeled VEKHYKKYAR.
As you read the scroll labeled VEKHYKKYAR, it crumbles to dust.
It is a scroll of identify.
d - a scroll of teleportation
* * * LOW HITPOINT WARNING * * *
You feel sick.
As you read the scroll of teleportation {@r4}, it crumbles to dust.
You feel strangely unstable.
Unknown command.
* * * LOW HITPOINT WARNING * * *
You feel sick.
Found a stone staircase leading up.
You are lethally poisoned (2 -> -2).
You are about to teleport.
You are flying.
Expiring: Your actions are hasted.
Your flying speed is very quick.
Your attack speed is above average.
You feel yourself slow down.
You are starting to lose your buoyancy.
Your surroundings suddenly seem different.
A bat comes into view.
Unknown command.
Evoke which item? (* to show all) (? for menu, Esc to quit)
Okay, then.
Evoke which item? (* to show all) (? for menu, Esc to quit)
Press: ? - help, Shift-Dir - straight line A rock wall.
The rock shatters into small pieces.
* * * LOW HITPOINT WARNING * * *
You feel sick.
You die...

░ .... ░░░ ░░..$..
... .......
░░░░░░░░ ... ......
░......░ ...
░...░.░░░░......░
░░░░░░░
.░.░...........b.░
.......
..........░......░
.....░
..........░........
.....░
.......@..░░░░░░.░░
.....░ ..........░
░ .....░
.░.░.........
....░░ ░
░...........
...(...
.............
░<.....
░.░.░.░░......
░░░░░░░ ░.░.░.
.░░░░░ . ░ ░.░. .░
░░


There were no monsters in sight!

Vanquished Creatures
  A worker ant (D:4)
  An ufetubus (D:5)
  An orc (D:4)
3 creatures vanquished.

Notes
Turn   | Place    | Note
-------+----------+-------------------------------------------
     0 | D:5      | vt the Human Delver began the quest for the Orb.
     0 | D:5      | Reached XP level 1. HP: 18/18 MP: 1/1
    70 | D:5      | Noticed a centaur
    96 | D:4      | Found a blossoming altar of Fedhas.
   102 | D:4      | Noticed a worker ant
   102 | D:4      | Noticed a worker ant
   116 | D:4      | Reached XP level 2. HP: 11/24 MP: 2/2
   119 | D:4      | Reached XP level 3. HP: 8/29 MP: 3/3
   120 | D:4      | HP: 7/29 [poisoned by a worker ant]
   126 | D:4      | HP: 5/29 [poisoned by a worker ant]
   132 | D:3      | HP: 3/29 [poisoned by a worker ant]
   139 | D:3      | HP: 1/29 [poisoned by a worker ant]
   144 | D:3      | HP: 1/29 [poisoned by a worker ant]
   148 | D:3      | Succumbed to a worker ant's poison

Illustrated notes

Levels and vault maps discovered:
D:3:      layout_basic
D:4:      layout_cave_pools, fedhas_ov_isle_minmay, uniq_edmund, uniq_menkaure,
          uniq_sigmund
D:5:      layout_rooms, uniq_grinder

Action                   || total
-------------------------++-------
Melee: Hand axe          ||    16
Evoke: Wand              ||     1
  Use: Potion            ||     2
       Scroll            ||     3
Armor: Leather armour    ||     5
Dodge: Dodged            ||    17

Table legend: (Time is in decaauts)
 A = Elapsed time spent in this place.
 B = Non-inter-level travel time spent in this place.
 C = Inter-level travel time spent in this place.
 D = Time resting spent in this place.
 E = Time spent auto-exploring this place.
 F = Levels seen in this place.
 G = Mean time per level.
                   A        B        C        D        E       F      G
               +--------+--------+--------+--------+--------+-----+--------+
         Total |    138 |    138 |      0 |      0 |      0 |   3 |   46.0 |
       Dungeon |    138 |    138 |      0 |      0 |      0 |   3 |   46.0 |
               +--------+--------+--------+--------+--------+-----+--------+

Top non-repeatable levels by time:
     D:5: 99 daAuts
     D:4: 24 daAuts
     D:3: 14 daAuts

Table legend:
 A = Kills in this place as a percentage of kills in entire the game.
 B = Kills by you in this place as a percentage of kills by you in the entire game.
 C = Kills by friends in this place as a percentage of kills by friends in the entire game.
 D = Other kills in this place as a percentage of other kills in the entire game.
 E = Experience gained in this place as a percentage of experience gained in the entire game.
 F = Experience gained in this place divided by the number of levels of this place that you have seen.
                   A       B       C       D       E      F
               +-------+-------+-------+-------+-------+----------------------
         Total | 100.0 | 100.0 |   N/A |   N/A | 100.0 |  14.7
       Dungeon | 100.0 | 100.0 |   N/A |   N/A | 100.0 |  14.7
               +-------+-------+-------+-------+-------+----------------------
